 Dungeon Crawl Stone Soup version 0.30-a0-782-ge64f9170bb (webtiles) character file.

Game seed: 2223143736238460810

99 mopl the Sneak (level 4, -12/29 HPs)
             Began as an Octopode Brigand on Mar 2, 2023.
             Mangled by an iguana (14 damage)
             ... on level 6 of the Dungeon.
             The game lasted 00:01:51 (1669 turns).

mopl the Sneak (Octopode Brigand)                   Turns: 1669, Time: 00:01:52

Health: -12/29     AC:  1    Str: 10    XL:     4   Next: 72%
Magic:  0/4        EV: 12    Int: 15    God:
Gold:   131        SH:  0    Dex: 13    Spells: 3/3 levels left

rFire   . . .      SeeInvis .    a - +2 dagger
rCold   . . .      Faith    .    (no shield)
rNeg    . . .      Spirit   +    (helmet restricted)
rPois   .          Reflect  .    p - amulet of guardian spirit
rElec   .          Harm     .    g - ring of wizardry
rCorr   .          Rampage  .    (no ring)
Will    .....                    (no ring)
Stlth   ++++                     (no ring)
HPRegen 0.24/turn                (no ring)
MPRegen 0.09/turn                (no ring)
                                 (no ring)
                                 (no ring)

@: no status effects
A: almost no armour, amphibious, 8 rings, camouflage 1, gelatinous body 1,
(nimble swimmer 1), tentacles
a: no special abilities


You were on level 6 of the Dungeon.
You visited 1 branch of the dungeon, and saw 4 of its levels.

You collected 131 gold pieces.

Inventory:

Hand Weapons
 a - a +2 dagger (weapon)
Missiles
 b - 9 poisoned darts (quivered)
 c - 3 curare-tipped darts
 o - 3 boomerangs
Jewellery
 g - a ring of wizardry (left tentacle)
 p - an amulet of guardian spirit (around mantle)
Scrolls
 i - a scroll of fog {unknown}
 j - a scroll of summoning {unknown}
 l - 2 scrolls of teleportation {unknown}
 m - 4 scrolls of identify {unknown}
 n - a scroll of torment {unknown}
Potions
 d - 3 potions of curing {unknown}
 e - 2 potions of mutation {unknown}
 f - a potion of berserk rage {unknown}
 h - 2 potions of brilliance {unknown}
 k - 2 potions of heal wounds {unknown}
 q - a potion of degeneration {unknown}


   Skills:
 - Level 2.0 Fighting
 + Level 3.1 Short Blades
 + Level 3.1 Throwing
 - Level 1.0 Dodging
 + Level 6.4 Stealth


You had 3 spell levels left.
You didn't know any spells.
Your spell library contained the following spells:

 Spells                   Type           Power      Damage    Failure   Level
 Sandblast                Erth           0%         2d4       11%         1
 Passwall                 Tmut/Erth      0%         N/A       16%         2
 Stone Arrow              Conj/Erth      0%         3d7       32%         3


Dungeon Overview and Level Annotations

Branches:
Dungeon (3/15)

Altars:


Innate Abilities, Weirdness & Mutations

You cannot wear most types of armour.
You are amphibious.
You can wear up to eight rings at the same time.
Your skin changes colour to match your surroundings (Stealth+).
Your rubbery body absorbs attacks. (AC +1, EV +1)
((You are camouflaged when in or above water. (Stealth+)))
You have tentacles for arms and can constrict up to eight enemies at once.


Message History

The shadow imp is almost dead.
You constrict the shadow imp.
The shadow imp disappears for a moment.
The shadow imp barely misses you.
You hit the shadow imp.
You kill the shadow imp!
No target in view!
No target in view!
You see here 18 gold pieces.
The iguana hisses angrily.
You hit the iguana but do no damage. You grab the iguana.
You constrict the iguana, but do no damage.
The iguana bites you.
You hit the iguana.
The iguana is lightly wounded.
You constrict the iguana, but do no damage.
You hit the iguana but do no damage.
The iguana is lightly wounded.
You constrict the iguana, but do no damage.
The iguana closely misses you.
You hit the iguana but do no damage.
The iguana is lightly wounded.
You constrict the iguana. The iguana barely misses you.
You hit the iguana but do no damage.
You squeeze the iguana, but do no damage.
The iguana is moderately wounded.
You constrict the iguana. The iguana bites you.
You barely miss the iguana. You squeeze the iguana.
The iguana is heavily wounded.
You constrict the iguana. The iguana bites you!
You are too injured to fight recklessly!
You are too injured to fight recklessly!
You hit the iguana.
The iguana is severely wounded.
You constrict the iguana. The iguana bites you!
* * * LOW HITPOINT WARNING * * *
You barely miss the iguana.
The iguana is severely wounded.
You constrict the iguana. The iguana bites you!
You die...

...#.................###
...................#
...................#
.......[...........#
..................##
..................#
............$.....#
......../........#
.......l@.......#
........$.......#
.........?......#
...........#......
#........####.....
########.. .... ##. .#
##


You could see an iguana.

Vanquished Creatures
  4 adders (D:2)
  A shadow imp (D:6)
  A worm (D:2)
  4 dart slugs
  3 ball pythons
  4 endoplasms (D:1)
  2 giant cockroaches (D:1)
  2 goblins
  4 hobgoblins (D:1)
  2 jackals (D:2)
  A quokka (D:1)
  7 bats
  3 frilled lizards (D:1)
  4 kobolds (D:1)
  5 rats
47 creatures vanquished.

Notes
Turn   | Place    | Note
-------+----------+-------------------------------------------
     0 | D:1      | mopl the Octopode Brigand began the quest for the Orb.
     0 | D:1      | Reached XP level 1. HP: 14/14 MP: 1/1
   134 | D:1      | Reached XP level 2. HP: 19/19 MP: 2/2
   428 | D:1      | Reached XP level 3. HP: 22/24 MP: 3/3
   612 | D:1      | Reached skill level 6 in Stealth
   934 | D:2      | Reached XP level 4. HP: 25/29 MP: 4/4
  1026 | D:2      | Reached skill level 3 in Throwing
  1128 | D:2      | Reached skill level 3 in Short Blades
  1622 | D:3      | You fall into a shaft and drop 3 floors!
  1669 | D:6      | Mangled by an iguana

Illustrated notes

Levels and vault maps discovered:
D:1:      dpeg_arrival_three_same_balls, layout_basic
D:2:      layout_basic, minmay_3d_cube
D:3:      layout_basic, gammafunk_ghost_icy, minivault_19, uniq_jessica
D:6:      layout_layer_cave, serial_shops, shop

Skill      XL: |  1  2  3  4 |
---------------+-------------+-----
Stealth        | 6 |  6.4
Throwing       | 3 |  3.1
Short Blades   | 3 |  3.1
Fighting       | |  2.0
Dodging        | |  1.0

Action                     |  1- 3 |  4- 6 || total
---------------------------+-------+-------++-------
  Melee: Dagger            |    66 |    39 ||   105
         Constrict         |     9 |     9 ||    18
         Tentacles         |     7 |    10 ||    17
         Punch             |       |     1 ||     1
   Stab: Sleeping          |    19 |     1 ||    20
 Armour: Skin              |     4 |       ||     4
  Dodge: Dodged            |    28 |    17 ||    45

Table legend: (Time is in decaauts)
 A = Elapsed time spent in this place.
 B = Non-inter-level travel time spent in this place.
 C = Inter-level travel time spent in this place.
 D = Time resting spent in this place.
 E = Time spent auto-exploring this place.
 F = Levels seen in this place.
 G = Mean time per level.
                   A        B        C        D        E       F      G
               +--------+--------+--------+--------+--------+-----+--------+
         Total |   1653 |   1601 |     52 |    141 |   1160 |   4 |  413.2 |
       Dungeon |   1653 |   1601 |     52 |    141 |   1160 |   4 |  413.2 |
               +--------+--------+--------+--------+--------+-----+--------+

Top non-repeatable levels by time:
     D:2: 979 daAuts
     D:1: 629 daAuts
     D:6: 44 daAuts
